 Dungeon Crawl Stone Soup version 0.26-a0-639-g72c4674329 (webtiles) character file.

Game seed: 7536786343128962405

22883 Kaptain the Destroyer (level 13, -1/88 HPs)
             Began as an Octopode Hedge Wizard on Sept 16, 2020.
             Slain by a death yak (29 damage)
             ... on level 4 of the Lair of Beasts on Sept 17, 2020.
             The game lasted 01:44:33 (21269 turns).

Kaptain the Destroyer (Octopode Hedge Wizard)      Turns: 21269, Time: 01:44:34

Health: -1/88      AC:  3    Str:  9    XL:     13   Next: 3%
Magic:  30/45      EV: 21    Int: 22    God:
Gold:   1262       SH:  0    Dex: 11    Spells: 8/33 levels left

rFire    + . .     SeeInvis +   r - +5 trident (venom)
rCold    + . .     Faith    .   (no shield)
rNeg     . . .     Spirit   .   m - +2 hat
rPois    +         Reflect  .   (no amulet)
rElec    .         Harm     .   c - +4 ring of evasion
rCorr    .         Rampage  .   l - ring of magical power
MR       +....                  w - ring of see invisible
Stlth    +++++.....             D - ring of poison resistance
HPRegen  0.24/turn              j - ring of magical power
MPRegen  0.29/turn              I - ring of protection from magic
                                y - ring of protection from cold
                                O - ring of protection from fire

@: no status effects
A: almost no armour, stealthy swim, amphibious, 8 rings, constrict 8, camouflage
1, gelatinous body 1
a: no special abilities


You were on level 4 of the Lair of Beasts.
You visited 3 branches of the dungeon, and saw 16 of its levels.

You collected 2492 gold pieces.
You spent 1230 gold pieces at shops.

Inventory:

Hand Weapons
 f - a +4 vorpal quarterstaff
 o - a +1 whip of flaming
 r - a +5 trident of venom (weapon)
Missiles
 B - 296 stones (quivered)
Armour
 m - a +2 hat (worn)
 M - a +0 kite shield
Magical Staves
 K - an uncursed staff of earth
Jewellery
 c - a +4 ring of evasion (left tentacle)
 j - a ring of magical power (on tentacle)
 l - a ring of magical power (right tentacle)
 t - an uncursed ring of ice
 w - a ring of see invisible (on tentacle)
 y - a ring of protection from cold (on tentacle)
 D - a ring of poison resistance (on tentacle)
 I - a ring of protection from magic (on tentacle)
 O - a ring of protection from fire (on tentacle)
Wands
 g - a wand of disintegration (16)
 x - a wand of random effects (22)
 z - a wand of digging (12)
 H - a wand of enslavement (7)
 L - a wand of paralysis (7)
 P - a wand of flame (24)
Scrolls
 a - 6 scrolls of remove curse
 h - 6 scrolls of fear
 q - 2 scrolls of fog
 u - 4 scrolls of blinking
 A - 2 scrolls of immolation
 C - 2 scrolls of teleportation
 E - a scroll of summoning
 F - a scroll of magic mapping
 N - a scroll of identify
Potions
 d - 2 potions of heal wounds
 e - 5 potions of curing
 i - 3 potions of cancellation
 k - 2 potions of stabbing
 n - 4 potions of brilliance
 p - a potion of mutation
 s - a potion of magic {unknown}
 v - 3 potions of flight
Miscellaneous
 b - a tin of tremorstones (3/3)
 G - a phial of floods


   Skills:
 + Level 7.7 Fighting
 + Level 8.0 Dodging
 - Level 10.6 Stealth
 + Level 0.8 Shields
 * Level 10.5 Spellcasting
 * Level 10.9 Conjurations
 - Level 1.0 Summonings
 - Level 1.0 Translocations
 - Level 3.9 Fire Magic
 * Level 5.9 Earth Magic


You had 8 spell levels left.
You knew the following spells:

 Your Spells              Type           Power        Failure   Level
a - Magic Dart            Conj           ####         1%          1
b - Blink                 Tloc           N/A          6%          2
c - Call Imp              Summ           ###.....     6%          2
d - Mephitic Cloud        Conj/Pois/Air  ####....     3%          3
e - Bolt of Magma         Conj/Fire/Erth #####.....   10%         5
f - Iron Shot             Conj/Erth      #####.....   26%         6
g - Iskenderun's Battles  Conj           ######..     1%          5
h - Animate Skeleton      Necr           ##....       6%          1

Your spell library contained the following spells:

 Spells                   Type           Power        Failure   Level
 Conjure Flame            Conj/Fire      #####...     1%          3
 Beastly Appendage        Tmut           ##....       6%          1
 Pain                     Necr           ##..         6%          1
 Slow                     Hex            ##......     9%          2
 Wereblood                Tmut           ##......     9%          2
 Spider Form              Tmut/Pois      ##........   17%         3
 Vampiric Draining        Necr           ##........   17%         3
 Summon Lightning Spire   Summ/Air       ##......     43%         4
 Orb of Destruction       Conj           ######....   47%         7
 Animate Dead             Necr           ##........   50%         4
 Ice Form                 Ice/Tmut       ##......     50%         4
 Conjure Ball Lightning   Conj/Air       #####.....   67%         6
 Agony                    Necr           ##......     85%         5
 Blade Hands              Tmut           ##........   85%         5
 Silence                  Hex/Air        ##........   85%         5
 Spellforged Servitor     Conj/Summ      #####.....   99%         7
 Tornado                  Air            ##........   100%        9


Dungeon Overview and Level Annotations

Branches:
Dungeon (11/15)            Temple (1/1) D:6            Lair (4/6) D:11
  Snake (0/4) Lair:3          Orc (0/2) D:11
  Swamp: Lair:2-4    Shoals: Lair:2-4

Altars:
Ashenzari
Cheibriados
Dithmenos
Elyvilon
Fedhas
Gozag
Hepliaklqana
Kikubaaqudgha
Makhleb
Nemelex Xobeh
Okawaru
Qazlal
Ru
Sif Muna
Trog
Uskayaw
Vehumet
Wu Jian
Xom
Yredelemnul
Zin
The Shining One

Shops:
D:4 }   D:8 =   D:9 [   D:10 :

Annotations:
D:4 3 runed translucent doors, flt's ghost, amateur OgHu
D:7 2 transporters, hofbold's ghost, novice OpVM
D:10 2 runed translucent doors
Lair:1 exclusion: 2 oklob plants
Lair:2 3 runed translucent doors, MrRokkomies's ghost, journeyman DgDe


Innate Abilities, Weirdness & Mutations

You cannot wear most types of armour.
You are very stealthy in the water. (Stealth+)
You are amphibious.
You can wear up to eight rings at the same time.
You can use your tentacles to constrict eight enemies at once.
Your skin changes colour to match your surroundings (Stealth+).
Your rubbery body absorbs attacks. (AC +1, EV +1)


Message History

The death yak gores you!
The torpor snail is engulfed in noxious fumes.
The torpor snail appears confused.
Casting: Mephitic Cloud (mildly dangerous; 3% risk of failure)
Confirm with . or Enter, or press ? or * to list all spells.
You blink.
You feel yourself speed up.
The death yak is engulfed in noxious fumes.
The death yak appears confused.
The death yak is engulfed in noxious fumes.
The death yak appears confused.
The death yak gores you!
The death yak seems less confused.
A blink frog comes into view.
The death yak is engulfed in noxious fumes.
The death yak appears confused.
The death yak closely misses you. The death yak gores you!
The death yak is engulfed in noxious fumes.
The death yak gores you!!
You die...

. #...........?...
.##...##..........
.....##....P.....
#...#.#F....P... #
####...............
...##.#.##...............
.............○...........
.........Y.Y°°...........
...........@.............
.........................
..##.#.....*....####.....
. #.............# ##...
..#....##.....## P..
.##.....#.....# .. #....
#(...... ..... .......#


You could see 2 death yaks, a blink frog and a friendly battlesphere.

Vanquished Creatures
  Fannar (D:11)
  A hydra (Lair:3)
  2 two-headed ogres (D:8)
  Pikel (D:5)
  An ugly thing (D:11)
  A centaur zombie (D:10)
  Joseph (D:7)
  An elephant (D:11)
  2 black mambas
  5 cane toads
  Maggie (D:7)
  2 komodo dragons (Lair:1)
  2 trolls
  3 blink frogs (Lair:3)
  2 hornets (D:8)
  A meliai zombie (D:11)
  5 hippogriffs
  3 wyverns
  33 yaks
  A wraith (D:11)
  2 wargs
  2 basilisks
  Duvessa (D:7)
  5 porcupines
  9 water moccasins
  2 orc warriors
  2 ice beasts
  2 sky beasts
  A phantom (D:4)
  2 hornet zombies
  A black bear (D:8)
  An eye of draining (D:11)
  5 wolves (Lair:3)
  6 ogres
  6 crocodiles
  10 centaurs
  11 bullfrogs
  Dowan (D:7)
  A wyvern skeleton (D:8)
  5 scorpions
  A water moccasin skeleton (D:7)
  9 killer bees
  5 wights (D:11)
  A howler monkey (D:7)
  2 bullfrog zombies (D:8)
  A quasit (D:7)
  8 hounds
  A jelly (D:10)
  8 orc priests
  2 bullfrog skeletons
  3 centaur skeletons
  14 orc wizards
  2 iguanas
  5 worker ants
  2 hound zombies
  3 worker ant zombies
  3 gnolls (D:3)
  20 adders
  A shadow imp (D:9)
  An ufetubus (D:5)
  An ooze (D:6)
  An adder zombie (D:8)
  2 adder skeletons (D:6)
  5 worms
  2 dart slugs
  5 leopard geckos
  33 orcs
  7 bats
  5 giant cockroaches
  7 hobgoblins
  14 jackals
  4 quokkas
  2 ball pythons (D:3)
  6 frilled lizards
  7 goblins
  11 kobolds
  A leopard gecko skeleton (D:7)
  A quokka skeleton (D:7)
  7 rats
  A butterfly (Lair:4)
358 creatures vanquished.

Vanquished Creatures (others)
  14 fungi
  20 plants
34 creatures vanquished.

Grand Total: 392 creatures vanquished

Notes
Turn   | Place    | Note
-------+----------+-------------------------------------------
     0 | D:1      | Kaptain the Octopode Hedge Wizard began the quest for the
                  | Orb.
     0 | D:1      | Reached XP level 1. HP: 11/11 MP: 4/4
   395 | D:1      | Reached XP level 2. HP: 17/17 MP: 1/6
   544 | D:1      | Found a blossoming altar of Fedhas.
   917 | D:2      | Reached XP level 3. HP: 22/22 MP: 3/7
  1427 | D:2      | Learned a level 2 spell: Blink
  1430 | D:2      | Learned a level 2 spell: Call Imp
  1434 | D:2      | Learned a level 3 spell: Mephitic Cloud
  1766 | D:2      | Reached XP level 4. HP: 27/27 MP: 9/9
  1812 | D:2      | Found a radiant altar of Vehumet.
  1815 | D:2      | Found a shattered altar of Ashenzari.
  2223 | D:2      | Found an ornate altar of the Wu Jian Council.
  2223 | D:2      | Found a blossoming altar of Fedhas.
  2224 | D:2      | Found a shimmering blue altar of Sif Muna.
  2321 | D:3      | Reached skill level 1 in Fighting
  2726 | D:3      | Reached XP level 5. HP: 27/33 MP: 8/10
  3060 | D:3      | Found a burning altar of Makhleb.
  3171 | D:3      | Found a faded altar of an unknown god.
  3815 | D:4      | Reached XP level 6. HP: 26/39 MP: 0/12
  4271 | D:4      | Found Hos Jykk's Gadget Shop.
  4410 | D:4      | Noticed a phantom
  4431 | D:4      | Killed a phantom
  4431 | D:4      | Reached XP level 7. HP: 45/45 MP: 4/14
  4537 | D:4      | Found a runed translucent gate.
  4538 | D:4      | Found a runed translucent gate.
  4539 | D:4      | Found a runed translucent gate.
  4542 | D:4      | Noticed flt's ghost (amateur OgHu)
  4809 | D:5      | Entered Level 5 of the Dungeon
  4889 | D:5      | Found a glowing golden altar of the Shining One.
  5035 | D:5      | Noticed Pikel
  5050 | D:5      | Killed Pikel
  5050 | D:5      | Reached skill level 5 in Stealth
  5050 | D:5      | Reached skill level 5 in Spellcasting
  5050 | D:5      | Reached XP level 8. HP: 34/52 MP: 16/16
  5300 | D:5      | Reached skill level 5 in Conjurations
  5334 | D:5      | Found a glowing silver altar of Zin.
  5335 | D:5      | Found an opulent altar of Gozag.
  5846 | D:5      | Found an iron altar of Okawaru.
  6421 | D:6      | Found a basalt altar of Yredelemnul.
  6595 | D:6      | Found a staircase to the Ecumenical Temple.
  6601 | Temple   | Entered the Ecumenical Temple
  7067 | D:6      | Reached XP level 9. HP: 58/58 MP: 18/18
  7638 | D:6      | Found a sparkling altar of Nemelex Xobeh.
  7821 | D:7      | Noticed Joseph
  7836 | D:7      | Killed Joseph
  7836 | D:7      | Reached skill level 5 in Dodging
  7842 | D:7      | Noticed Maggie
  7874 | D:7      | Killed Maggie
  7997 | D:7      | Noticed Dowan
  8001 | D:7      | Noticed Duvessa
  8015 | D:7      | Killed Duvessa
  8019 | D:7      | Killed Dowan
  8288 | D:7      | Reached skill level 5 in Fighting
  8288 | D:7      | Reached XP level 10. HP: 60/66 MP: 21/21
  8643 | D:7      | Found a transporter.
  8647 | D:7      | Noticed a moth of wrath
  8843 | D:7      | Noticed hofbold's ghost (novice OpVM)
  8852 | D:7      | Found a transporter.
  8931 | D:8      | Noticed a two-headed ogre
  9139 | D:8      | Found Vewocybb's Jewellery Shop.
  9152 | D:8      | Killed a two-headed ogre
  9342 | D:8      | Bought an uncursed ring of poison resistance for 300 gold
                  | pieces
  9862 | D:8      | Noticed a two-headed ogre
  9975 | D:8      | Killed a two-headed ogre
 10671 | D:8      | Bought an uncursed ring of magical power for 300 gold
                  | pieces
 10779 | D:9      | Found Wiexkuma's Armour Shop.
 11003 | D:9      | Found a stormy altar of Qazlal.
 11166 | D:9      | Found a hide-covered altar of Uskayaw.
 11642 | D:10     | Entered Level 10 of the Dungeon
 11647 | D:10     | Found Anatam's Book Shoppe.
 11689 | D:10     | Reached XP level 11. HP: 61/72 MP: 23/23
 12312 | D:10     | Found a large runed translucent door.
 12313 | D:10     | Found a large runed translucent door.
 12319 | D:10     | Noticed a centaur warrior
 12320 | D:10     | Noticed a centaur warrior
 13081 | D:11     | Found a staircase to the Orcish Mines.
 13316 | D:11     | Noticed Fannar
 13321 | D:11     | Identified a scroll of acquirement
 13321 | D:11     | Acquired 1160 gold pieces
 13405 | D:10     | Bought a book of Power for 630 gold pieces
 13411 | D:10     | Learned a level 5 spell: Bolt of Magma
 13591 | D:11     | Found an opulent altar of Gozag.
 13670 | D:11     | Killed Fannar
 13670 | D:11     | Reached skill level 1 in Earth Magic
 13760 | D:11     | Noticed a green ugly thing
 14117 | D:11     | Reached skill level 1 in Fire Magic
 14410 | D:11     | Killed a green ugly thing
 15167 | D:11     | Learned a level 6 spell: Iron Shot
 15175 | D:11     | Learned a level 5 spell: Iskenderun's Battlesphere
 15225 | D:11     | Found a staircase to the Lair.
 15236 | D:11     | Reached skill level 10 in Stealth
 16267 | Lair:1   | Entered Level 1 of the Lair of Beasts
 16632 | D:11     | Reached XP level 12. HP: 50/80 MP: 25/25
 16860 | D:11     | Reached skill level 10 in Conjurations
 17430 | Lair:1   | Got a fine hand crossbow
 17433 | Lair:1   | Identified the +10 hand crossbow of the Pits of Slime
                  | {speed, rC- Str+8} (You found it on level 1 of the Lair of
                  | Beasts)
 18591 | Lair:1   | Reached skill level 10 in Spellcasting
 19030 | Lair:2   | Reached skill level 5 in Earth Magic
 19163 | Lair:2   | Found a runed translucent gate.
 19163 | Lair:2   | Found a runed translucent gate.
 19163 | Lair:2   | Found a runed translucent gate.
 19185 | Lair:2   | Noticed MrRokkomies's ghost (journeyman DgDe)
 19187 | Lair:2   | Noticed a seven-headed hydra
 19494 | Lair:2   | Learned a level 1 spell: Animate Skeleton
 20335 | Lair:3   | Found a staircase to the Snake Pit.
 20797 | Lair:3   | Noticed a seven-headed hydra
 20805 | Lair:3   | Killed a seven-headed hydra
 20805 | Lair:3   | Reached XP level 13. HP: 78/88 MP: 18/27
 21269 | Lair:4   | Slain by a death yak

Illustrated notes

Levels and vault maps discovered:
D:1:      scummos_arrival_simple_crosswalls, layout_basic,
          minmay_misc_feat_columns, st_stairs_11, kennysheep_flooded_box,
          chequers_serial_rivers_large_a
D:2:      layout_loops_ring, nicolae_overflow_hidden_temple
D:3:      layout_basic, lemuel_crystal_altar, chequers_ecumenical_altar_simple
D:4:      layout_rooms, serial_shops, shop, gammafunk_ghost_nasty_kobolds,
          hangedman_minor_gate_pass
D:5:      layout_loops_corners, grunt_temple_overflow_gold_and_silver,
          okawaru_trees_2, lemuel_crystal_altar, uniq_pikel
D:6:      layout_rooms, lemuel_doored_altar, minmay_temple_entry_hall,
          nemelex_dance_club_becter
D:7:      layout_cave_pools, gammafunk_ghost_berserking_beasts,
          chequers_mini_garden, uniq_joseph, uniq_maggie, uniq_duvessa
D:8:      layout_cave_pods, serial_shops, nicolae_shop_crystal
D:9:      layout_basic, grunt_qazlal_sundering, lemuel_coloured_pillars_altar,
          serial_shops, shop
D:10:     okawaru_arena_lexackson, layout_basic, serial_shops, shop
D:11:     layout_gridville, david_lair_generic, minmay_orc_entry_guard_dogs,
          nicolae_gozag_cash_rules_everything_around_me, uniq_fannar
Temple:   compressed_dpeg_triangle_lava_temple
Lair:1:   layout_cave_pods, minmay_lair_oklob_chamber, grunt_megastairs_1,
          infiniplex_staircase_pool_2
Lair:2:   layout_roguey, gammafunk_ghost_split
Lair:3:   layout_regular_city, minmay_snake_entry_six_corridors, st_stairs_5,
          chequers_serial_rivers_micro_a
Lair:4:   layout_regular_city, minmay_shoals_entry_beasts, lemuel_fruit_fields

Skill      XL: |  1  2  3  4  5  6  7  8  9 10 11 12 |
---------------+-------------------------------------+-----
Stealth        | 3 4 5 6 8 9 10 | 10.6
Conjurations   | 2 3 4 5 7 8 9 10 | 10.9
Fighting       | 1 2 3 5 6 7 |  7.7
Spellcasting   | 4 5 6 7 8 9 10 | 10.5
Dodging        | 3 4 5 6 7 8 |  8.0
Earth Magic    | 3 5 |  5.9
Fire Magic     | 2 3 |  3.9
Shields        | |  0.8
Summonings     | |  1.0
Translocations | |  1.0

Action                   |  1- 3 |  4- 6 |  7- 9 | 10-12 | 13-15 || total
-------------------------+-------+-------+-------+-------+-------++-------
Melee: Dagger            |     8 |    25 |   104 |    32 |       ||   169
       Tentacles         |     5 |     4 |    10 |    57 |       ||    76
       Constrict         |     6 |    11 |    24 |    46 |       ||    87
       Short sword       |    13 |    16 |       |       |       ||    29
       Quarterstaff      |       |       |       |   125 |       ||   125
       Trident           |       |       |       |   155 |     1 ||   156
 Cast: Magic Dart        |   108 |   165 |   177 |   434 |     7 ||   891
       Mephitic Cloud    |       |     1 |    17 |   109 |     4 ||   131
       Call Imp          |       |       |     3 |     3 |       ||     6
       Blink             |       |       |     5 |    21 |     1 ||    27
       Iskenderun's Batt |       |       |       |    46 |     1 ||    47
       Bolt of Magma     |       |       |       |    10 |     1 ||    11
Evoke: Wand              |       |       |       |    10 |       ||    10
  Use: Scroll            |       |    12 |     2 |    15 |       ||    29
       Potion            |       |     2 |     1 |     5 |       ||     8
 Stab: Sleeping          |       |     3 |     4 |     7 |       ||    14
       Confused          |       |       |     8 |    28 |       ||    36
Armor: Skin              |     3 |     4 |    11 |    19 |       ||    37
Dodge: Dodged            |    28 |    47 |   162 |   473 |     2 ||   712

Table legend: (Time is in decaauts)
 A = Elapsed time spent in this place.
 B = Non-inter-level travel time spent in this place.
 C = Inter-level travel time spent in this place.
 D = Time resting spent in this place.
 E = Time spent auto-exploring this place.
 F = Levels seen in this place.
 G = Mean time per level.
                   A        B        C        D        E       F      G
               +--------+--------+--------+--------+--------+-----+--------+
         Total |  21369 |  20507 |    862 |   7006 |   9450 |  16 | 1335.6 |
       Dungeon |  16952 |  16186 |    766 |   5824 |   6981 |  11 | 1541.1 |
        Temple |    311 |    303 |      8 |      0 |    302 |   1 |  311.0 |
          Lair |   4104 |   4016 |     88 |   1182 |   2167 |   4 | 1026.0 |
               +--------+--------+--------+--------+--------+-----+--------+

Top non-repeatable levels by time:
    D:11: 3256 daAuts
    D:10: 2355 daAuts
  Lair:1: 1712 daAuts
     D:5: 1678 daAuts
     D:7: 1623 daAuts
     D:2: 1377 daAuts
     D:3: 1373 daAuts
     D:8: 1267 daAuts
  Lair:3: 1249 daAuts
     D:4: 1147 daAuts
  Lair:2: 1110 daAuts
     D:6: 1022 daAuts
     D:9: 939 daAuts
     D:1: 912 daAuts
  Temple: 311 daAuts
